 Dungeon Crawl Stone Soup version 0.31.0-9-g3a7656b989 (webtiles) character file.

Game seed: 12512691089287528386

1076 qw the Skirmisher (level 8, 0/39 HPs)
             Began as a Spriggan Hunter on Feb 2, 2024.
             Was an Initiate of Okawaru.
             Incinerated by a bombardier beetle (4 damage)
             ... with a burning spray
             ... on level 5 of the Dungeon.
             The game lasted 00:00:20 (3702 turns).

qw the Skirmisher (Spriggan Hunter)                 Turns: 3702, Time: 00:00:20

Health: 0/39       AC:  4    Str:  7    XL:     8   Next: 8%
Magic:  9/9        EV: 23    Int: 10    God:    Okawaru [......]
Gold:   126        SH:  0    Dex: 21    Spells: 7/7 levels left

rFire   . . .        b - +0 orcbow (flame)
rCold   . . .        (shield currently unavailable)
rNeg    . . .        k - +2 robe {Will+}
rPois   .            (helmet restricted)
rElec   .            (no cloak)
rCorr   .            (gloves unavailable)
SInv    +            (boots unavailable)
Will    ++...        (no amulet)
Stlth   +            (no ring)
HPRegen 0.26/turn    (no ring)
MPRegen 0.11/turn

%: no passive effects
@: on fire, glowing, very quick
A: very small, no large weapons, unfitting armour, see invisible, speed 3
a: Renounce Religion


You were on level 5 of the Dungeon.
You worshipped Okawaru.
Okawaru was noncommittal.
You visited 2 branches of the dungeon, and saw 6 of its levels.

You collected 240 gold pieces.
You spent 114 gold pieces at shops.


Innate Abilities, Weirdness & Mutations

You are very small and have problems with some larger weapons.
You are too small for most types of armour.
You have supernaturally acute eyesight. (SInv)
You cover ground extremely quickly. (Speed+++)


   Skills:
 + Level 2.6 Fighting
 - Level 8.1 Ranged Weapons
 - Level 8.0 Dodging
 - Level 1.5 Stealth


You had 7 spell levels left.
You didn't know any spells.
Your spell library was empty.

Inventory:

Hand Weapons
 b - a +0 orcbow of flaming (weapon)
Armour
 k - a +2 robe of willpower (worn)
Scrolls
 a - a scroll of identify
Potions
 c - a potion of cancellation {unknown}
 d - 4 potions of curing
 h - a potion of mutation
 i - a potion of enlightenment
 j - a potion of invisibility {unknown}
 l - 2 potions of heal wounds {unknown}

Dungeon Overview and Level Annotations

Branches:
Dungeon (5/15)             Temple (1/1) D:5

Altars:
Ashenzari
Dithmenos
Fedhas
Gozag
Hepliaklqana
Kikubaaqudgha
Makhleb
Nemelex Xobeh
Okawaru
Sif Muna
Trog
Uskayaw
Vehumet
Xom
Yredelemnul
Zin
The Shining One

Shops:
D:3 [   D:4 :

Annotations:
D:4 1 runed translucent door, Crazy Yiuf


Message History

A bombardier beetle and an orc wizard come into view.
You shoot an arrow. The arrow hits the bombardier beetle!
The arrow burns the bombardier beetle.
The bombardier beetle is almost dead.
The orc wizard shouts!
You hear a shout! x3
You shoot an arrow. The arrow hits the bombardier beetle.
The arrow burns the bombardier beetle.
The bombardier beetle is almost dead.
The bombardier beetle sprays incendiary fluid at you.
The burning spray hits you.
You are covered in liquid fire!
You shoot an arrow. The arrow hits the bombardier beetle!
The arrow burns the bombardier beetle.
You kill the bombardier beetle!
Okawaru accepts your kill. The liquid fire burns you!
You shoot an arrow. The arrow hits the orc wizard.
The arrow burns the orc wizard.
The orc wizard is moderately wounded.
The liquid fire burns you!
You shoot an arrow. The arrow barely misses the orc wizard.
The liquid fire burns you!
You shoot an arrow. The arrow barely misses the orc wizard.
The liquid fire burns you!
The orc wizard hits you with a +0 dagger.
You shoot an arrow. The arrow hits the orc wizard!
The arrow burns the orc wizard.
You kill the orc wizard!
Okawaru accepts your kill. The liquid fire burns you!
Your Dodging skill increases to level 8!
You are on fire!
The liquid fire burns you!
You are on fire!
The liquid fire burns you!
You are on fire!
The liquid fire burns you!
You are on fire!
The liquid fire burns you!
You die...

........####.#.#.######
+#.........#.....#
.......##.####...#
...#..[##.# #...#
...#......# #...#
...###########...# ...#
...........# ...#
.#######...## ####
#..@.# #.##)# ...# .#
#.### .# #.. .# ... .#
### .# ##


There were no monsters in sight!

Vanquished Creatures
  Sigmund (D:2)
  Eustachio (D:4)
  A black bear (D:3)
  An ogre (D:5)
  A scorpion (D:4)
  A bombardier beetle (D:5)
  4 orc priests
  A hound (D:4)
  An iguana (D:4)
  A sleepcap (D:3)
  Terence (D:3)
  4 orc wizards
  5 adders
  2 white imps (D:5)
  2 dart slugs
  A ribbon worm (D:3)
  17 orcs
  8 ball pythons
  4 bats
  6 endoplasms
  2 giant cockroaches
  3 goblins
  6 hobgoblins
  7 jackals
  12 kobolds
  5 quokkas
  A frilled lizard (D:2)
  5 rats
104 creatures vanquished.

Notes
Turn   | Place    | Note
-------+----------+-------------------------------------------
     0 | D:1      | qw the Spriggan Hunter began the quest for the Orb.
     0 | D:1      | Reached XP level 1. HP: 10/10 MP: 2/2
     0 | D:1      | 0 ||| qw: Version: 0.3-a-155-g5e7d8dd
     0 | D:1      | 0 ||| qw: Game counter: 1970
     0 | D:1      | 0 ||| qw: Melee chars always use a shield: true
     0 | D:1      | 0 ||| qw: God list: Okawaru
     0 | D:1      | 0 ||| qw: Allow faded altars: false
     0 | D:1      | 0 ||| qw: Do Orc after clearing Dungeon:15 true
     0 | D:1      | 0 ||| qw: Do second Lair branch before Depths: true
     0 | D:1      | 0 ||| qw: Lair rune preference: random
     0 | D:1      | 0 ||| qw: Goals: Normal
     0 | D:1      | 0 ||| PLANNING D:1-11
    33 | D:1      | Noticed a shining eye
    34 | D:1      | Found a faded altar of an unknown god.
    42 | D:1      | Reached skill level 3 in Dodging
    44 | D:1      | Noticed a shining eye
    44 | D:1      | Noticed a shining eye
    44 | D:1      | Noticed a shining eye
   276 | D:1      | Reached XP level 2. HP: 14/14 MP: 3/3
   665 | D:1      | 665 ||| READING scroll labelled EQEIDE GUONO.
   666 | D:1      | 666 ||| READING scroll labelled XUDAMO ZODAI.
   669 | D:1      | 669 ||| READING 2 scrolls labelled SANA KIROGAISM.
   669 | D:1      | 669 ||| IDENTIFYING puce potion
   670 | D:1      | 670 ||| READING scroll of identify.
   670 | D:1      | 670 ||| IDENTIFYING bubbling brown potion
   671 | D:1      | 671 ||| DRINKING 2 pink potions.
   672 | D:1      | 672 ||| DROPPING scroll of butterflies.
   673 | D:1      | 673 ||| DROPPING potion of attraction.
   717 | D:2      | Reached XP level 3. HP: 18/18 MP: 4/4
  1298 | D:2      | Noticed Sigmund
  1313 | D:2      | Killed Sigmund
  1314 | D:2      | Reached skill level 6 in Ranged Weapons
  1314 | D:2      | Reached XP level 4. HP: 18/22 MP: 5/5
  1314 | D:2      | Reached XP level 5. HP: 21/25 MP: 6/6
  1392 | D:2      | 1392 ||| READING scroll labelled WERHIOLIAR.
  1393 | D:2      | 1393 ||| READING scroll labelled LUODITWULOV.
  1393 | D:2      | Identified a scroll of acquirement
  1393 | D:2      | 1393 ||| ACQUIRING +0 orcbow of flaming
  1393 | D:2      | Acquired a +0 orcbow of flaming
  1395 | D:2      | 1395 ||| SWAPPING to +0 orcbow of flaming.
  1396 | D:2      | 1396 ||| DROPPING +0 shortbow.
  1460 | D:3      | Noticed Terence
  1462 | D:3      | Killed Terence
  1476 | D:3      | Reached XP level 6. HP: 18/30 MP: 7/7
  1613 | D:3      | Found Adaicrej's Antique Armour Shop.
  1619 | D:3      | 1619 ||| RETREEEEATING.
  1621 | D:3      | HP: 3/30 [black bear (6)]
  1744 | D:3      | 1744 ||| SHOPLISTING cloak (139 gold, have 115).
  1744 | D:3      | 1744 ||| BUYING glowing robe (114 gold).
  1744 | D:3      | Bought a glowing robe for 114 gold pieces
  2196 | D:3      | 2196 ||| UPGRADING to +2 robe of willpower.
  2206 | D:3      | 2206 ||| DROPPING +0 robe.
  2207 | D:3      | 2207 ||| READING scroll of identify.
  2207 | D:3      | 2207 ||| IDENTIFYING fuming pink potion
  2208 | D:3      | 2208 ||| READING scroll labelled BOIQOFADON.
  2209 | D:3      | 2209 ||| READING 2 scrolls labelled EDWIPR ZOENEE.
  2210 | D:3      | 2210 ||| READING scroll labelled LIWOVOGOAM.
  2211 | D:3      | 2211 ||| READING scroll labelled ORELUO SAAMEDGH.
  2212 | D:3      | 2212 ||| DROPPING scroll of noise.
  2213 | D:3      | 2213 ||| DROPPING potion of brilliance.
  2215 | D:3      | 2215 ||| Stepping ~*~*~tactically~*~*~ (cloud).
  2328 | D:4      | 2328 ||| STAIRDANCE
  2332 | D:4      | 2332 ||| STAIRDANCE
  2336 | D:4      | 2336 ||| STAIRDANCE
  2340 | D:4      | 2340 ||| STAIRDANCE
  2346 | D:4      | 2346 ||| STAIRDANCE
  2392 | D:4      | 2392 ||| STAIRDANCE
  2394 | D:4      | 2394 ||| STAIRDANCE
  2397 | D:3      | HP: 8/32 [poisoned by a kobold]
  2398 | D:3      | 2398 ||| READING scroll of teleportation.
  2553 | D:4      | Identified the +11 spear of Sudden Death {spect, Will+
                  | Int+3 Dex+5}
  2564 | D:4      | Noticed Eustachio
  2571 | D:4      | 2571 ||| FLEEEEING.
  2575 | D:4      | 2575 ||| FLEEEEING.
  2576 | D:4      | 2576 ||| FLEEEEING.
  2578 | D:4      | 2578 ||| FLEEEEING.
  2579 | D:4      | 2579 ||| FLEEEEING.
  2580 | D:4      | 2580 ||| FLEEEEING.
  2582 | D:4      | 2582 ||| FLEEEEING.
  2583 | D:4      | 2583 ||| FLEEEEING.
  2586 | D:4      | Killed Eustachio
  2587 | D:4      | Reached XP level 7. HP: 31/35 MP: 8/8
  2747 | D:4      | 2747 ||| FLEEEEING.
  2748 | D:4      | 2748 ||| FLEEEEING.
  2749 | D:4      | 2749 ||| FLEEEEING.
  2787 | D:4      | Found Apoczi's Vocational Training.
  2941 | D:4      | Found a runed translucent door.
  2942 | D:4      | Noticed Crazy Yiuf
  3120 | D:4      | 3120 ||| FLEEEEING.
  3121 | D:4      | 3121 ||| FLEEEEING.
  3122 | D:4      | 3122 ||| FLEEEEING.
  3122 | D:4      | HP: 8/35 [orc priest/divine providence (12)]
  3123 | D:4      | 3123 ||| FLEEEEING.
  3124 | D:4      | 3124 ||| FLEEEEING.
  3126 | D:4      | 3126 ||| FLEEEEING.
  3127 | D:4      | 3127 ||| FLEEEEING.
  3129 | D:4      | 3129 ||| FLEEEEING.
  3131 | D:4      | 3131 ||| FLEEEEING.
  3133 | D:4      | 3133 ||| FLEEEEING.
  3311 | D:4      | 3311 ||| DROPPING amulet of magic regeneration.
  3312 | D:4      | 3312 ||| READING scroll labelled YFFOXK YPLI.
  3329 | D:5      | Entered Level 5 of the Dungeon
  3354 | D:5      | Found a staircase to the Ecumenical Temple.
  3355 | D:5      | 3355 ||| PLANNING TEMPLE
  3355 | D:5      | 3355 ||| READING scroll of identify.
  3355 | D:5      | 3355 ||| IDENTIFYING clear potion
  3376 | Temple   | Entered the Ecumenical Temple
  3377 | Temple   | 3377 ||| PLANNING OKAWARU WORSHIP
  3444 | Temple   | Became a worshipper of Warmaster Okawaru
  3445 | Temple   | 3445 ||| PLANNING D:1-11
  3632 | D:5      | Reached XP level 8. HP: 39/39 MP: 9/9
  3700 | D:5      | HP: 8/39 [burnt (4)]
  3702 | D:5      | Incinerated by a bombardier beetle

Levels and vault maps discovered:
D:1:      eino_arrival_water_cross, layout_loops_cross,
          hellmonk_ecumenical_altar_watching_god
D:2:      layout_basic, minmay_misc_feat_square, grunt_ministairs_13,
          nicolae_kite_square_tiling_tiny, minmay_misc_feat_tower, uniq_sigmund
D:3:      layout_rooms, serial_shops, shop, hex_intersection,
          minmay_increasing_density, uniq_terence
D:4:      layout_rooms, nicolae_shop_vocational, uniq_eustachio,
          uniq_crazy_yiuf_cottage
D:5:      layout_basic, minmay_temple_entry_drinking_statues
Temple:   minmay_temple_bridge_d

Skill      XL: |  1  2  3  4  5  6  7  8 |
---------------+-------------------------+-----
Dodging        | 3 4 5 7 8 |  8.0
Ranged Weapons | 6 8 |  8.1
Fighting       | 2 |  2.6
Stealth        | |  1.5

Action                     |  1- 3 |  4- 6 |  7- 9 || total
---------------------------+-------+-------+-------++-------
   Fire: Shortbow          |   113 |     1 |       ||   114
         Orcbow            |       |   117 |   114 ||   231
    Use: Scroll            |     4 |     8 |     2 ||    14
         Potion            |     1 |       |       ||     1
 Armour: Robe              |    10 |    38 |    16 ||    64
  Dodge: Dodged            |    29 |   112 |    64 ||   205

Table legend:
 A = Non-vault XP
 B = Vault XP
 C = Vault XP percentage of total XP
 D = Non-vault monster count
 E = Vault monster count
 F = Vault count percentage of total count
                 A         B        C        D         E       F
            +---------+---------+-------+---------+---------+-------
      Total |    1031 |     507 |  33.0 |      90 |      14 |  13.5
            +---------+---------+-------+---------+---------+-------
        D:1 |      37 |       0 |   0.0 |      20 |       0 |   0.0
        D:2 |      38 |     242 |  86.4 |      18 |       3 |  14.3
        D:3 |     285 |      57 |  16.7 |      23 |      10 |  30.3
        D:4 |     361 |     208 |  36.6 |      19 |       1 |   5.0
        D:5 |     310 |       0 |   0.0 |      10 |       0 |   0.0
            +---------+---------+-------+---------+---------+-------
